 Dungeon Crawl Stone Soup version 0.27.1-33-g824d729ab1 (webtiles) character file.

Game seed: 10887046205098377408

156 belegose the Magician (level 5, 0/38 HPs)
             Began as a Djinni Air Elementalist on Dec 3, 2021.
             Slain by a kobold brigand (6 damage)
             ... in a sewer.
             The game lasted 00:07:46 (3408 turns).

belegose the Magician (Djinni Air Elementalist)     Turns: 3408, Time: 00:07:46

Health: 0/38       AC:  6    Str:  8    XL:     5   Next: 65%
Gold:   65         EV: 12    Int: 17    God:
                   SH:  0    Dex: 13

rFire    + + .     SeeInvis .   m - +1 rapier (drain)
rCold    x . .     Faith    .   (no shield)
rNeg     . . .     Spirit   .   a - +0 robe
rPois    ∞         Reflect  .   (no helmet)
rElec    .         Harm     .   (no cloak)
rCorr    .         Rampage  .   (no gloves)
Will     .....                  (boots unavailable)
Stlth    ++........             (no amulet)
HPRegen  0.12/turn              d - ring of wizardry
MPRegen  0.00/turn              n - +4 ring of protection

@: flying
A: sickness immunity, fire resistance 2, cold vulnerability 1, float, innate
caster, hp casting, extra vitality 1
a: no special abilities


You were in a sewer.
You visited 1 branch of the dungeon, and saw 3 of its levels.
You also visited: Sewer.

You collected 65 gold pieces.

Inventory:

Hand Weapons
 m - a +1 rapier of draining (weapon)
Missiles
 o - a curare-tipped dart
 p - 3 poisoned darts
Armour
 a - a +0 robe (worn)
Jewellery
 d - a ring of wizardry (left hand)
 n - a +4 ring of protection (right hand)
Wands
 k - a wand of polymorph (10)
Scrolls
 e - a scroll of magic mapping {unknown}
 f - a scroll of acquirement {unknown}
 g - 2 scrolls of identify {unknown}
 l - a scroll of blinking {unknown}
Potions
 b - a potion of berserk rage {unknown}
 c - 2 potions of haste {unknown}
 h - 2 potions of flight {unknown}
 i - a potion of brilliance {unknown}
 j - a potion of attraction {unknown}


   Skills:
 * Level 1.6 Fighting
 + Level 0.7 Short Blades
 + Level 2.7 Dodging
 + Level 2.3 Stealth
 + Level 3.7 Spellcasting


You couldn't memorise any spells.
You knew the following spells:

 Your Spells              Type           Power      Damage    Failure   Level
a - Shock                 Conj/Air       60%        1d6       1%          1
b - Static Discharge      Conj/Air       15%        N/A       2%          2
c - Swiftness             Air            15%        N/A       4%          3
d - Airstrike             Air            7%         N/A       14%         4
e - Summon Small Mammal   Summ           60%        N/A       1%          1
f - Slow                  Hex            15%        N/A       2%          2
Your spell library was empty.

Dungeon Overview and Level Annotations

Branches:
Dungeon (3/15)              Sewer (1/1)

Altars:
Ashenzari

Annotations:
D:1 1 runed translucent door


Innate Abilities, Weirdness & Mutations

You are immune to sickness and miasma.
You are immune to poison.
Your flesh is very heat resistant. (rF++)
You are vulnerable to cold. (rC-)
You float through the air rather than walking.
You learn spells naturally, not from books.
Your magical power is your life essence.
You have superior vitality. (+4 HP)


Message History

Confirm with . or Enter, or press ? or * to list all spells.
Aiming: Shock (safe; 1% risk of failure)
Press: ? - help, Shift-Dir - straight line, f/p - kobold brigand
Aim: a kobold brigand, wielding a +0 hand crossbow and quivering bolts (heavily wounded, 64% to hit)
The zap misses the worm.
The zap misses the kobold brigand.
* * * LOW HITPOINT WARNING * * *
Unknown command.
Unknown command.
You barely miss the worm.
The worm is lightly wounded.
You barely miss the worm.
The worm is lightly wounded.
The worm splashes around in the water.
You hit the worm. You drain the worm.
The worm is severely wounded.
You hit the worm.
You kill the worm!
You hit the kobold brigand. You drain the kobold brigand.
The kobold brigand is severely wounded.
The kobold brigand unwields a +0 hand crossbow.
The kobold brigand wields a +0 short sword.
The kobold brigand splashes around in the water.
You hit the kobold brigand.
The kobold brigand is almost dead.
The kobold brigand splashes around in the water.
You hit the kobold brigand but do no damage.
The kobold brigand is almost dead.
The kobold brigand hits you with a +0 short sword.
* * * LOW HITPOINT WARNING * * *
You closely miss the kobold brigand.
The kobold brigand is almost dead.
The kobold brigand misses you. The kobold brigand barely misses you.
You closely miss the kobold brigand.
The kobold brigand is almost dead.
The kobold brigand splashes around in the water.
You hit the kobold brigand but do no damage.
You drain the kobold brigand.
The kobold brigand is almost dead.
The kobold brigand hits you with a +0 short sword.
You die...

≈≈≈##≈≈..# ≈≈≈.≈≈.≈#
≈≈≈≈..≈# ..≈≈≈≈≈#
..≈≈≈≈≈# ..≈≈.≈≈#
.≈≈..≈≈## #######
..≈.....## #####≈≈≈≈.#
≈.≈##.≈≈.####≈≈K@≈#####
.≈####≈≈≈≈≈.≈≈###≈≈≈≈.#
..# #.≈≈..≈≈≈# #######
.≈. ##...≈.≈≈###≈≈≈≈.#
.≈≈ #######≈..≈w# #.
#####≈≈≈K.# ######


You could see a kobold brigand (drained).

Vanquished Creatures
  A kobold brigand (Sewer)
  3 adders
  3 worms
  An orc (D:3)
  5 endoplasms (D:1)
  A giant cockroach (D:1)
  3 goblins (D:1)
  3 hobgoblins
  2 jackals (D:1)
  3 quokkas (D:3)
  6 ball pythons
  8 bats
  3 frilled lizards (D:1)
  5 kobolds
  6 rats
53 creatures vanquished.

Vanquished Creatures (others)
  A plant (D:3)
1 creature vanquished.

Grand Total: 54 creatures vanquished

Notes
Turn   | Place    | Note
-------+----------+-------------------------------------------
     0 | D:1      | belegose the Djinni Air Elementalist began the quest for
                  | the Orb.
     0 | D:1      | Reached XP level 1. HP: 15/15 MP: 0/0
     1 | D:1      | Found a runed translucent door.
   518 | D:1      | Reached XP level 2. HP: 15/21 MP: 0/0
  1091 | D:1      | Reached XP level 3. HP: 24/26 MP: 0/0
  1091 | D:1      | Learned a level 1 spell: Summon Small Mammal
  1459 | D:1      | Reached skill level 3 in Spellcasting
  1911 | D:2      | Reached skill level 1 in Fighting
  1986 | D:2      | Found a faded altar of an unknown god.
  2221 | D:2      | Reached XP level 4. HP: 24/32 MP: 0/0
  2879 | D:3      | Found a broken altar of Ashenzari.
  2883 | D:3      | Saw a vision of the Shoals and the Snake Pit.
  2883 | D:3      | Noticed a naga sharpshooter
  2883 | D:3      | Noticed a naga ritualist
  2883 | D:3      | Noticed a centaur
  2883 | D:3      | Noticed a wind drake
  2883 | D:3      | Noticed a naga mage
  2883 | D:3      | Noticed a black mamba
  2883 | D:3      | Noticed a naga ritualist
  2883 | D:3      | Noticed a merfolk
  2883 | D:3      | Noticed a naga
  2883 | D:3      | Noticed a wind drake
  3051 | D:3      | Found a glowing drain.
  3073 | Sewer    | Entered a sewer
  3255 | Sewer    | Noticed a kobold brigand
  3264 | Sewer    | Killed a kobold brigand
  3265 | Sewer    | Reached XP level 5. HP: 28/38 MP: 0/0
  3265 | Sewer    | Learned a level 2 spell: Slow
  3370 | Sewer    | Noticed a kobold brigand
  3408 | Sewer    | Slain by a kobold brigand

Illustrated notes

Levels and vault maps discovered:
D:1:      dpeg_arrival_caged_fury, layout_loops_corners,
          minmay_stone_trees_small, minmay_misc_feat_columns,
          chequers_serial_rivers_micro_c
D:2:      layout_basic, shapermc_ecumenical_altar_notcrosses
D:3:      layout_loops_ring, overflow_temple_1_default,
          grunt_ashenzari_visionary [grunt_ashenzari_visionary_shoals,
          grunt_ashenzari_visionary_snake], cheibrodos_sewer_entry_sluice,
          serial_forest, infiniplex_forest_zigzag_2,
          infiniplex_forest_straight_2, infiniplex_forest_lined_3,
          infiniplex_forest_clump_diagonal, infiniplex_forest_end_2,
          minmay_goblin_outpost
Sewer:    sewer_co_tree

Skill      XL: |  1  2  3  4 |
---------------+-------------+-----
Spellcasting   | 3 |  3.7
Fighting       | 1 |  1.6
Stealth        | 2 |  2.3
Short Blades   | |  0.7
Dodging        | |  2.7

Action                   |  1- 3 |  4- 6 || total
-------------------------+-------+-------++-------
Melee: Dagger            |    20 |       ||    20
       Rapier            |       |    23 ||    23
 Cast: Shock             |    68 |    41 ||   109
 Stab: Sleeping          |     2 |     2 ||     4
Armor: Robe              |     6 |     2 ||     8
Dodge: Dodged            |    17 |    15 ||    32
